 Seeded DCSS version 0.29-a0-553-g81b289dbe5 (webtiles) character file.

Game seed: 5197682552777129174 (custom seed)

35569 happo123 the Covert (level 14, -3/84 HPs)
             Began as a Kobold Enchanter on June 6, 2022.
             Was an Elder of Wu Jian.
             Slain by a thrashing horror (7 damage)
             ... on level 2 of the Abyss.
             The game lasted 01:11:16 (15524 turns).

happo123 the Covert (Kobold Enchanter)             Turns: 15524, Time: 01:11:17

Health: -3/84      AC: 17    Str:  9      XL:     14   Next: 19%
Magic:  10/26      EV: 21    Int: 18 (20) God:    Wu Jian [****..]
Gold:   772        SH:  0    Dex: 22      Spells: 10/30 levels left

rFire   + . .      SeeInvis .   J - +2 rapier of Dadugac {freeze, rF+}
rCold   . . .      Faith    .   g - orb {guile}
rNeg    . . .      Spirit   .   F - +0 acid dragon scales
rPois   .          Reflect  .   V - +2 helmet
rElec   .          Harm     .   (no cloak)
rCorr   +          Rampage  .   k - +0 pair of gloves
Will    .....                   A - +0 pair of boots
Stlth   ++++++....              h - amulet of magic regeneration
HPRegen 0.24/turn               r - +6 ring of dexterity
MPRegen 0.60/turn               S - ring of Ymuntip {rCorr AC+4 Str+3}

@: silenced, unable to read
A: small, no large weapons, nightstalker 3, inability to read while threatened
a: Renounce Religion, Wall Jump


You were on level 2 of the Abyss.
You worshipped Wu Jian.
Wu Jian was greatly pleased with you.
You visited 2 branches of the dungeon, and saw 14 of its levels.
You visited the Abyss 1 time.
You also visited: Ice Cave.

You collected 772 gold pieces.

Inventory:

Hand Weapons
 j - a +2 vampiric dagger
 u - a +3 dagger of protection
 J - the +2 rapier of Dadugac (weapon) {freeze, rF+}
   (You found it on level 7 of the Dungeon)

   It freezes those it strikes, dealing additional cold damage.
   It can also slow down cold-blooded creatures.
   rF:        It protects you from fire.
Armour
 g - an orb of guile (worn)
 k - a +0 pair of gloves (worn)
 A - a +0 pair of boots (worn)
 F - +0 acid dragon scales (worn)
 H - a +2 buckler of protection
 V - a +2 helmet (worn)
Magical Staves
 Q - a staff of earth
Jewellery
 h - an amulet of magic regeneration (around neck)
 l - a ring of flight
 r - a +6 ring of dexterity (left hand)
 E - a ring of willpower
 M - an amulet of the acrobat
 O - a ring of fire
 S - the ring of Ymuntip (right hand) {rCorr AC+4 Str+3}
   (You acquired it on level 10 of the Dungeon)

   [ring of protection]

   AC:        It affects your AC (+4).
   Str:       It affects your strength (+3).
   rCorr:     It protects you from acid and corrosion.
Wands
 e - a wand of iceblast (33)
 v - a wand of charming (8)
 z - a wand of mindburst (16)
 B - a wand of polymorph (5)
 R - a wand of flame (42)
Scrolls
 d - 9 scrolls of teleportation
 f - 2 scrolls of identify
 i - 3 scrolls of enchant weapon
 m - a scroll of blinking {unknown}
 s - 2 scrolls of enchant armour
 w - 5 scrolls of vulnerability
 x - 4 scrolls of fog
 y - 2 scrolls of fear
 D - 2 scrolls of immolation {unknown}
 G - a scroll of brand weapon {unknown}
 I - 3 scrolls of summoning
 K - 3 scrolls of amnesia
 L - 3 scrolls of magic mapping
 U - a scroll of torment {unknown}
Potions
 a - 3 potions of berserk rage {unknown}
 b - a potion of attraction {unknown}
 c - 2 potions of invisibility
 n - 4 potions of heal wounds
 o - 2 potions of lignification {unknown}
 p - 2 potions of degeneration {unknown}
 q - 2 potions of magic {unknown}
 t - 5 potions of curing
 C - a potion of cancellation {unknown}
 N - a potion of ambrosia {unknown}
 P - a potion of brilliance {unknown}
 T - 2 potions of haste


   Skills:
 + Level 8.8 Fighting
 + Level 10.8 Short Blades
 - Level 5.0 Armour
 + Level 10.3 Dodging
 + Level 12.3 Stealth
 + Level 8.6 Spellcasting
 * Level 12.1 Hexes
 + Level 6.4 Ice Magic
 + Level 2.3 Evocations


You had 10 spell levels left.
You knew the following spells:

 Your Spells              Type           Power      Damage    Failure   Level
a - Ensorcelled Hibernat  Hex/Ice        82%        N/A       1%          2
b - Confusing Touch       Hex            51%        N/A       1%          3
c - Tukima's Dance        Hex            51%        N/A       1%          3
d - Dazzling Flash        Conj/Hex       58%        N/A       3%          3
e - Ozocubu's Armour      Ice            31%        N/A       3%          3
f - Metabolic Englaciati  Hex/Ice        20%        N/A       9%          5
g - Foxfire               Conj/Fire      28%        2x1d5     16%         1

Your spell library contained the following spells:

 Spells                   Type           Power      Damage    Failure   Level
 Freeze                   Ice            100%       1d11      1%          1
 Slow                     Hex            100%       N/A       1%          1
 Inner Flame              Hex/Fire       29%        N/A       3%          3
 Beastly Appendage        Tmut           14%        N/A       16%         1
 Wereblood                Tmut           7%         N/A       22%         2
 Ice Form                 Ice/Tmut       19%        N/A       36%         4
 Gell's Gravitas          Tloc           7%         N/A       41%         3
 Spider Form              Tmut/Pois      7%         N/A       41%         3
 Teleport Other           Tloc           7%         N/A       41%         3
 Freezing Cloud           Conj/Ice/Air   7%         6-21      86%         5
 Dispersal                Tloc           3%         N/A       100%        6
 Ozocubu's Refrigeration  Ice            15%        4d8       100%        7


Dungeon Overview and Level Annotations

Branches:
Dungeon (13/15)            Temple (1/1) D:7            Lair (0/6) D:10
    Orc (0/2) D:10          IceCv (visited)
 Vaults: D:13-14

Altars:
Ashenzari
Cheibriados
Dithmenos
Elyvilon
Fedhas
Gozag
Hepliaklqana
Kikubaaqudgha
Makhleb
Nemelex Xobeh
Okawaru
Qazlal
Ru
Sif Muna
Trog
Uskayaw
Vehumet
Wu Jian
Xom
Yredelemnul
Zin
The Shining One
Jiyva

Shops:
D:2 =   D:6 =


Innate Abilities, Weirdness & Mutations

You are small and have problems with some larger weapons.
You are completely attuned to the shadows.
You sometimes lose the ability to read scrolls when taking damage.


Message History

You feel much better.
You hear a splashing noise.
Okay, then.
Casting: Confusing Touch (safe; 1% risk of failure)
Confirm with . or Enter, or press ? or * to list all spells.
Your hands begin to glow red.
You hear a splashing noise.
You hit something but do no damage. You hit something but do no damage.
You enter the shallow water.
Moving in this stuff is going to be slow.
Something hits you!!
* * * LOW HITPOINT WARNING * * *
You feel your power leaking away.
You closely miss something. You hit something. You hit something.
You miss something. Something hits you!
* * * LOW HITPOINT WARNING * * *
You feel your power leaking away.
A thrashing horror comes into view.
The thrashing horror misses you.
The thrashing horror closely misses you.
The thrashing horror misses you. The thrashing horror barely misses you.
The thrashing horror tramples you but does no damage.
The thrashing horror barely misses you.
The thrashing horror closely misses you.
The thrashing horror tramples you but does no damage.
The thrashing horror attacks as you move away!
The thrashing horror barely misses you. x2
The thrashing horror tramples you but does no damage.
The thrashing horror misses you.
The thrashing horror attacks as you move away!
The thrashing horror tramples you.
* * * LOW HITPOINT WARNING * * *
The thrashing horror tramples you but does no damage.
The thrashing horror closely misses you.
The thrashing horror completely misses you.
The thrashing horror barely misses you. The thrashing horror tramples you!
You die...

. ...# .. . #####
## ##. #. . .#...
.#.##.####..
..... .....#... .
#..X## ##.#.#.#
###.#......X@# .
.# ..#....#.#.#
#..
#...##..#.#..#
...#...##..#.#.#.
. #.
.##...#..##.#
#...##.... #. .
.#... .#.. # ≈.#
### #


You could see a thrashing horror (unsilenced).

Vanquished Creatures
  A frost giant (IceCv)
  Azrael (D:12)
  Josephine (D:11)
  A vault guard (D:13)
  A boulder beetle (D:12)
  3 hydras
  A centaur warrior (D:13)
  A catoblepas (D:13)
  4 two-headed ogres
  7 death yaks (IceCv)
  2 thrashing horrors (Abyss:2)
  A wizard (D:13)
  A deep elf pyromancer (D:12)
  2 cyclopes
  2 manticores
  An ice statue (D:12)
  A gargoyle (D:11)
  A kobold demonologist (D:11)
  2 unseen horrors
  Maggie (D:6)
  8 rime drakes
  2 ancient zymes (Abyss:2)
  7 polar bears
  18 slime creatures
  A shadow (D:13)
  8 wraiths
  A wyvern (D:10)
  14 humans
  3 vampires
  3 fire elementals (D:12)
  17 yaks
  2 steam dragons
  A neqoxec (Abyss:2)
  4 vampire mosquitoes (D:12)
  2 large abominations (Abyss:2)
  4 hell hounds (D:12)
  Duvessa (D:4)
  A water moccasin (D:8)
  4 orc warriors
  3 centaurs
  5 ice beasts
  A sky beast (D:7)
  An ogre (D:6)
  7 wolves (IceCv)
  4 kobold brigands
  The ghost of valliere the Conjurer, an amateur DECj of Kikubaaqudgha (D:3)
  A small abomination (Abyss:2)
  3 necrophages
  3 bullfrogs
  2 gnoll sergeants
  3 scorpions
  Dowan (D:4)
  2 electric eels (D:11)
  7 orc priests
  2 hounds
  2 jellies
  A gnoll shaman (D:6)
  Ijyb (D:4)
  4 iguanas
  10 orc wizards
  A scorpion zombie (D:3)
  Robin (D:3)
  17 gnolls
  7 adders
  3 white imps
  3 worms
  2 dart slugs
  30 orcs
  2 ball pythons (D:4)
  7 endoplasms
  2 giant cockroaches
  11 goblins
  6 hobgoblins
  4 jackals (D:3)
  2 quokkas
  A ball python zombie (D:3)
  4 frilled lizards
  25 kobolds
  A quokka zombie (D:3)
  3 rats
332 creatures vanquished.

Vanquished Creatures (collateral kills)
  A gnoll sergeant (D:10)
  4 gnolls
  An orc (D:12)
6 creatures vanquished.

Vanquished Creatures (others)
  A jelly (D:5)
  An iguana (D:5)
  11 foxfires (D:12)
13 creatures vanquished.

Grand Total: 351 creatures vanquished

Notes
Turn   | Place    | Note
-------+----------+-------------------------------------------
     0 | D:1      | happo123 the Kobold Enchanter began the quest for the Orb.
     0 | D:1      | Reached XP level 1. HP: 10/10 MP: 3/3
   511 | D:1      | Reached XP level 2. HP: 15/15 MP: 5/5
   514 | D:1      | Learned a level 2 spell: Ensorcelled Hibernation
   701 | D:2      | Found Joajunuw's Jewellery Shoppe.
   788 | D:2      | Reached XP level 3. HP: 20/20 MP: 4/6
   792 | D:2      | Learned a level 3 spell: Confusing Touch
  1468 | D:2      | You fall into a shaft and drop 2 floors!
  1583 | D:4      | Reached skill level 1 in Fighting
  1583 | D:4      | Reached XP level 4. HP: 25/25 MP: 7/7
  1798 | D:4      | Noticed a scorpion
  1800 | D:4      | Killed a scorpion
  1801 | D:4      | Reached XP level 5. HP: 29/29 MP: 7/9
  1805 | D:4      | Learned a level 3 spell: Tukima's Dance
  2069 | D:3      | Noticed Robin
  2101 | D:3      | Killed Robin
  2102 | D:3      | Reached skill level 5 in Stealth
  2550 | D:3      | Found a basalt altar of Yredelemnul.
  2561 | D:3      | Reached XP level 6. HP: 35/35 MP: 8/10
  2600 | D:3      | Found a runed translucent door.
  2663 | D:3      | Found a radiant altar of Vehumet.
  3017 | D:3      | Found a faded altar of an unknown god.
  3382 | D:3      | Noticed valliere's ghost (amateur DECj)
  3390 | D:3      | Killed valliere's ghost
  3636 | D:4      | Reached XP level 7. HP: 40/40 MP: 11/11
  3720 | D:4      | Noticed Dowan
  3721 | D:4      | Noticed Duvessa
  3726 | D:4      | Killed Duvessa
  3728 | D:4      | Killed Dowan
  3729 | D:4      | Reached skill level 5 in Hexes
  3734 | D:4      | HP: 2/40 [poisoned by Dowan]
  4037 | D:4      | Noticed Ijyb
  4041 | D:4      | Killed Ijyb
  4215 | D:5      | Entered Level 5 of the Dungeon
  4368 | D:5      | Reached XP level 8. HP: 46/46 MP: 13/13
  4424 | D:5      | Found a shimmering altar of Xom.
  4486 | D:5      | HP: 1/46 [acid (7)]
  4977 | D:5      | Reached skill level 5 in Dodging
  5037 | D:5      | Found an iron altar of Okawaru.
  5403 | D:6      | Reached skill level 5 in Short Blades
  5476 | D:6      | Reached XP level 9. HP: 52/52 MP: 15/15
  5807 | D:6      | Found Qaost's Jewellery Shoppe.
  5924 | D:6      | Noticed Maggie
  6095 | D:6      | Killed Maggie
  6146 | D:7      | Found an ornate altar of the Wu Jian Council.
  6159 | D:7      | Became a worshipper of the Wu Jian Council
  6341 | D:7      | Reached skill level 5 in Spellcasting
  6341 | D:7      | Reached skill level 1 in Ice Magic
  6397 | D:7      | Reached skill level 1 in Armour
  6398 | D:7      | Reached * piety under Wu Jian
  6522 | D:7      | Reached skill level 5 in Fighting
  6529 | D:7      | Reached XP level 10. HP: 49/59 MP: 13/17
  6649 | D:7      | Found a broken altar of Ashenzari.
  6652 | D:7      | Identified the +2 rapier of Dadugac {freeze, rF+}
  6848 | D:7      | Found a glowing golden altar of the Shining One.
  6848 | D:7      | Found a white marble altar of Elyvilon.
  6850 | D:7      | Found a glowing silver altar of Zin.
  6892 | D:7      | Found a staircase to the Ecumenical Temple.
  6898 | Temple   | Entered the Ecumenical Temple
  7218 | D:7      | Found an ornate altar of the Wu Jian Council.
  7309 | D:6      | Found a snail-covered altar of Cheibriados.
  7309 | D:6      | Found a bloodstained altar of Trog.
  7458 | D:8      | Noticed a two-headed ogre
  7464 | D:8      | Killed a two-headed ogre
  8441 | D:9      | Found a shadowy altar of Dithmenos.
  8597 | D:9      | Reached XP level 11. HP: 59/64 MP: 16/19
  8791 | D:9      | Reached ** piety under Wu Jian
  8824 | D:9      | Found a sparkling altar of Nemelex Xobeh.
  9324 | D:10     | Entered Level 10 of the Dungeon
  9452 | D:10     | Identified a scroll of acquirement
  9454 | D:10     | Acquired the ring of Ymuntip {rCorr AC+4 Str+3}
  9496 | D:10     | Found a staircase to the Orcish Mines.
  9608 | D:10     | Identified the +4 long sword of the Blushing Vulture
                  | {vorpal, rPois}
  9865 | D:10     | Found a staircase to the Lair.
 10499 | D:11     | Noticed a seven-headed hydra
 10502 | D:11     | Killed a seven-headed hydra
 10503 | D:11     | Noticed a manticore
 10512 | D:11     | Killed a manticore
 10580 | D:11     | Found a frozen archway.
 10587 | IceCv    | Entered an ice cave
 10612 | IceCv    | Noticed a death yak
 10640 | IceCv    | Reached skill level 10 in Stealth
 10644 | IceCv    | Noticed a death yak
 10647 | IceCv    | Killed a death yak
 10648 | IceCv    | Reached XP level 12. HP: 71/71 MP: 16/22
 10649 | IceCv    | Killed a death yak
 10684 | IceCv    | Noticed a death yak
 10686 | IceCv    | Noticed a death yak
 10687 | IceCv    | Killed a death yak
 10692 | IceCv    | Killed a death yak
 10693 | IceCv    | Reached skill level 10 in Hexes
 10770 | IceCv    | Got the Incunabulum of Snow
 10774 | IceCv    | Got the Reference Book on the Snowflakes
 10782 | IceCv    | Learned a level 3 spell: Dazzling Flash
 10786 | IceCv    | Learned a level 3 spell: Ozocubu's Armour
 10797 | IceCv    | Noticed a frost giant
 10804 | IceCv    | Noticed a death yak
 10807 | IceCv    | Killed a frost giant
 10808 | IceCv    | Killed a death yak
 10809 | IceCv    | Reached skill level 5 in Ice Magic
 10823 | IceCv    | Reached *** piety under Wu Jian
 10853 | IceCv    | Noticed a death yak
 10860 | IceCv    | Killed a death yak
 10904 | IceCv    | Noticed a death yak
 10921 | IceCv    | Killed a death yak
 11729 | D:11     | Noticed a two-headed ogre
 11736 | D:11     | Killed a two-headed ogre
 11737 | D:11     | Reached XP level 13. HP: 77/77 MP: 24/24
 11744 | D:11     | Learned a level 5 spell: Metabolic Englaciation
 11970 | D:11     | Noticed Josephine
 11973 | D:11     | Killed Josephine
 12689 | D:12     | Found a transporter.
 12718 | D:12     | Got the Incunabulum of the Arsonist and the Oath
 13062 | D:12     | Noticed a five-headed hydra
 13069 | D:12     | Killed a five-headed hydra
 13070 | D:12     | Reached skill level 10 in Short Blades
 13070 | D:12     | Reached skill level 5 in Armour
 13172 | D:12     | Reached **** piety under Wu Jian
 13190 | D:12     | Identified the +0 robe of Fewkimod {rF+}
 13190 | D:12     | Noticed Azrael
 13193 | D:12     | Killed Azrael
 13205 | D:12     | Noticed a boulder beetle
 13390 | D:12     | Killed a boulder beetle
 13620 | D:12     | Found a transporter.
 14037 | D:12     | Found a viscous altar of Jiyva.
 14041 | D:12     | Reached skill level 10 in Dodging
 14220 | D:12     | Learned a level 1 spell: Foxfire
 14735 | D:13     | Noticed a six-headed hydra
 14738 | D:13     | Killed a six-headed hydra
 14739 | D:13     | Reached skill level 1 in Evocations
 14755 | D:13     | Noticed a centaur warrior
 14759 | D:13     | Killed a centaur warrior
 14793 | D:13     | Noticed a catoblepas
 14796 | D:13     | Killed a catoblepas
 14797 | D:13     | Reached XP level 14. HP: 84/84 MP: 26/26
 14978 | D:13     | Cast into level 2 of the Abyss (a wizard)
 14988 | Abyss:2  | Gained mutation: You sometimes lose the ability to read
                  | scrolls when taking damage. [a neqoxec]
 15430 | Abyss:2  | Noticed a tentacled starspawn
 15508 | Abyss:2  | HP: 2/84 [something (13)]
 15523 | Abyss:2  | HP: 3/84 [thrashing horror (2)]
 15524 | Abyss:2  | Slain by a thrashing horror

Illustrated notes

Levels and vault maps discovered:
D:1:      dpeg_arrival_oval, layout_basic, chequers_serial_rivers_micro_c
D:2:      layout_basic, serial_shops,
          nicolae_shop_temple_entry_statues_fountains
D:3:      layout_basic, nicolae_vehumet_radiance,
          nicolae_yredelemnul_corpse_copse, ebering_ghost_reflecting_pool,
          dreamdust_ecumenical_altar_angels_and_demons,
          minmay_stone_trees_medium, uniq_robin
D:4:      layout_gridville, uniq_duvessa, uniq_ijyb
D:5:      layout_cave_pools, mainiacjoe_overflow_boulevard,
          kennysheep_okawaru_gauntlet
D:6:      layout_rooms, nicolae_overflow_hidden_temple, serial_shops,
          nicolae_square_shop, uniq_maggie
D:7:      layout_rooms, dreamdust_divine_triumvirate,
          lemuel_coloured_pillars_altar, minmay_temple_entry_butterflies,
          kennysheep_minor_cross, hangedman_feature_mirror
D:8:      layout_basic
D:9:      layout_loops_ring, nemelex_spade_bored_becter, lemuel_round_altar
D:10:     nicolae_cairo_tiling, layout_layer_cave, minmay_ruffians
D:11:     layout_cave_pods, serial_ice, serial_ice_m, serial_ice_c,
          serial_ice_n, serial_ice_f, portal_ice_cave_rime, uniq_josephine
D:12:     gammafunk_jiyva_shrine, layout_cave_pools, minmay_statue_bubble,
          uniq_azrael
D:13:     layout_roguey, grunt_vaults_entry_tiered
Temple:   jpeg_temple_alley_garden
Abyss:2:  base: D:10, hangedman_cross_veins

Skill      XL: |  1  2  3  4  5  6  7  8  9 10 11 12 13 14 |
---------------+-------------------------------------------+-----
Short Blades   | 2 3 4 5 6 7 8 9 10 | 10.8
Fighting       | 1 2 3 4 5 6 7 8 |  8.8
Dodging        | 3 4 5 6 7 8 9 10 | 10.3
Hexes          | 4 5 6 7 8 9 10 11 12 | 12.1
Stealth        | 5 6 7 8 9 10 11 12 | 12.3
Spellcasting   | 3 4 5 6 7 8 |  8.6
Ice Magic      | 1 3 4 5 6 |  6.4
Armour         | 1 2 3 4 5 |  5.0
Evocations     | 1 2 |  2.3

Action                   |  1- 3 |  4- 6 |  7- 9 | 10-12 | 13-15 || total
-------------------------+-------+-------+-------+-------+-------++-------
Melee: Dagger            |    28 |    95 |   145 |   233 |   251 ||   752
       Rapier            |       |       |       |    10 |    89 ||    99
 Cast: Ensorcelled Hiber |     7 |    25 |    65 |    64 |    52 ||   213
       Confusing Touch   |       |     1 |     5 |    14 |    29 ||    49
       Tukima's Dance    |       |       |     3 |     3 |     1 ||     7
       Ozocubu's Armour  |       |       |       |     1 |     7 ||     8
       Foxfire           |       |       |       |       |     6 ||     6
       Metabolic Englaci |       |       |       |       |     3 ||     3
Invok: Whirlwind         |       |       |    17 |    49 |    39 ||   105
       Lunge             |       |       |     9 |    49 |    35 ||    93
       Serpent's Lash    |       |       |       |       |     1 ||     1
Evoke: Wand              |       |       |       |     2 |       ||     2
  Use: Scroll            |       |       |     6 |     6 |     2 ||    14
       Potion            |       |       |     6 |     2 |     3 ||    11
 Stab: Sleeping          |    15 |    33 |    60 |    88 |    56 ||   252
       Confused          |       |     1 |     4 |    16 |    19 ||    40
       Distracted        |       |     1 |       |     1 |     1 ||     3
       Invisible         |       |       |       |     1 |       ||     1
Armor: Robe              |       |     7 |     7 |       |       ||    14
       Acid dragon scale |       |       |     8 |    60 |   118 ||   186
Dodge: Dodged            |    10 |    52 |    83 |   138 |   232 ||   515

Table legend: (Time is in decaauts)
 A = Elapsed time spent in this place.
 B = Non-inter-level travel time spent in this place.
 C = Inter-level travel time spent in this place.
 D = Time resting spent in this place.
 E = Time spent auto-exploring this place.
 F = Levels seen in this place.
 G = Mean time per level.
                   A        B        C        D        E       F      G
               +--------+--------+--------+--------+--------+-----+--------+
         Total |  15286 |  13833 |   1453 |   1831 |   9373 |  16 |  955.4 |
       Dungeon |  13464 |  12069 |   1395 |   1006 |   9132 |  13 | 1035.7 |
        Temple |    305 |    247 |     58 |      0 |    241 |   1 |  305.0 |
         Abyss |    518 |    518 |      0 |    296 |      0 |   1 |  518.0 |
      Ice Cave |    998 |    998 |      0 |    529 |      0 |   1 |  998.0 |
               +--------+--------+--------+--------+--------+-----+--------+

Top non-repeatable levels by time:
    D:12: 1804 daAuts
     D:4: 1529 daAuts
     D:3: 1322 daAuts
    D:10: 1172 daAuts
    D:11: 1112 daAuts
     D:8: 1091 daAuts
     D:2: 1068 daAuts
   IceCv: 998 daAuts
     D:9: 875 daAuts
     D:5: 868 daAuts
     D:7: 830 daAuts
     D:6: 772 daAuts
     D:1: 584 daAuts
 Abyss:2: 518 daAuts
    D:13: 429 daAuts
